 Dungeon Crawl Stone Soup version 0.30-a0-365-ge7f957f1db (webtiles) character file.

Game seed: 3636555554373204366

33 LnG the Caller (level 3, 0/19 HPs)
             Began as a Kobold Summoner on Nov 16, 2022.
             Slain by an iron imp (7 damage)
             ... summoned by Natasha
             ... on level 2 of the Dungeon.
             The game lasted 00:03:33 (1413 turns).

LnG the Caller (Kobold Summoner)                    Turns: 1413, Time: 00:03:34

Health: 0/19       AC:  2    Str:  5    XL:     3   Next: 47%
Magic:  4/6        EV: 15    Int: 18    God:
Gold:   34         SH:  0    Dex: 15    Spells: 0/6 levels left

rFire   . . .      SeeInvis .    d - +1 dagger (speed)
rCold   . . .      Faith    .    (no shield)
rNeg    . . .      Spirit   .    a - +0 robe
rPois   .          Reflect  .    (no helmet)
rElec   .          Harm     .    (no cloak)
rCorr   .          Rampage  .    (no gloves)
Will    .....                    (no boots)
Stlth   +++.......               (no amulet)
HPRegen 0.23/turn                (no ring)
MPRegen 0.10/turn                (no ring)

@: slowed, very slow
A: small, no large weapons, nightstalker 3
a: no special abilities


You were on level 2 of the Dungeon.
You visited 1 branch of the dungeon, and saw 2 of its levels.

You collected 82 gold pieces.
You spent 48 gold pieces at shops.

Inventory:

Hand Weapons
 d - a +1 dagger of speed (weapon)
Armour
 a - a +0 robe (worn)
Scrolls
 g - a scroll of teleportation
 h - a scroll of torment
 i - a scroll of magic mapping {unknown}
 j - 2 scrolls of fear {unknown}
Potions
 b - a potion of magic
 c - a potion of might
 f - a potion of mutation {unknown}


   Skills:
 * Level 2.7 Dodging
 * Level 3.6 Stealth
 + Level 2.3 Spellcasting
 + Level 4.5 Summonings


You couldn't memorise any spells.
You knew the following spells:

 Your Spells              Type           Power      Damage    Failure   Level
a - Summon Small Mammal   Summ           72%        N/A       2%          1
b - Call Imp              Summ           18%        N/A       4%          2
c - Call Canine Familiar  Summ           18%        N/A       9%          3

Your spell library contained the following spells:

 Spells                   Type           Power      Damage    Failure   Level
 Summon Guardian Golem    Hex/Summ       10%        N/A       21%         3
 Summon Lightning Spire   Summ/Air       10%        N/A       56%         4


Dungeon Overview and Level Annotations

Branches:
Dungeon (2/15)

Altars:

Shops:
D:1 *:==

Annotations:
D:2 Natasha


Innate Abilities, Weirdness & Mutations

You are small and have problems with some larger weapons.
You are completely attuned to the shadows.


Message History

You swap places.
Your hound bites the crimson imp.
Natasha claws your hound!
The goblin hits your hound with a +0 club.
The crimson imp blinks!
The crimson imp completely misses you.
Your hound bites the crimson imp.
Natasha mumbles some strange words.
You feel troubled.
Natasha mumbles some strange words.
The goblin hits your hound but does no damage.
Your hound bites the crimson imp.
The crimson imp hits you.
Your hound misses the crimson imp.
The goblin hits your hound with a +0 club.
Natasha claws your hound but does no damage.
The crimson imp hits you.
The crimson imp shouts, "Decamp, thou clouted mumble-news surfacer!"
Your hound closely misses the crimson imp.
Natasha closely misses your hound. The goblin misses your hound.
The crimson imp closely misses you.
Your hound barely misses the crimson imp.
The goblin hits your hound with a +0 club.
Natasha claws your hound. The iron imp attacks as you move away!
The iron imp closely misses you.
Your hound closely misses the crimson imp.
The crimson imp blinks!
Your hound misses the crimson imp. Natasha claws your hound.
Your hound dies!
Your hound's corpse disappears in a puff of smoke!
The crimson imp closely misses you. The iron imp attacks as you move away!
The iron imp misses you.
A goblin comes into view. It is wielding a +0 club.
The goblin hits you with a +0 club. The goblin closely misses you.
Unknown command.
The crimson imp attacks as you move away!
The crimson imp hits you but does no damage.
The crimson imp completely misses you.
Natasha mumbles some strange words.
Natasha shimmers violently.
The iron imp misses you. The goblin attacks as you move away!
The goblin barely misses you. The iron imp attacks as you move away!
The iron imp hits you!
You die...

#.........+
.#.........###
.'.............
#............#
.#............#
....5..##......
....gh.##......
....g55##......
.....@###....##
......###......
#....#....######
###............#
#............+
............#
............+
............##
...).####....#


You could see an iron imp (summoned), Natasha, 2 crimson imps and 2 goblins.

Vanquished Creatures
  2 endoplasms (D:1)
  4 giant cockroaches (D:1)
  5 goblins
  4 hobgoblins (D:1)
  A quokka (D:1)
  3 ball pythons
  4 bats
  2 frilled lizards
  A kobold (D:1)
26 creatures vanquished.

Vanquished Creatures (collateral kills)
  A quokka (D:1)
  A kobold (D:1)
2 creatures vanquished.

Grand Total: 28 creatures vanquished

Notes
Turn   | Place    | Note
-------+----------+-------------------------------------------
     0 | D:1      | LnG the Kobold Summoner began the quest for the Orb.
     0 | D:1      | Reached XP level 1. HP: 10/10 MP: 3/3
    94 | D:1      | Reached XP level 2. HP: 15/15 MP: 5/5
   177 | D:1      | Learned a level 2 spell: Call Imp
   453 | D:1      | Found Todghosi's Jewellery Shop.
   542 | D:1      | Found Nitepeu's Jewellery Shop.
   556 | D:1      | Reached XP level 3. HP: 19/19 MP: 6/6
   560 | D:1      | Learned a level 3 spell: Call Canine Familiar
   656 | D:1      | Found Myda's General Store.
   661 | D:1      | Bought a scroll of identify for 24 gold pieces
   661 | D:1      | Bought a scroll of identify for 24 gold pieces
  1054 | D:1      | Found Xodexom's Book Shoppe.
  1393 | D:2      | Noticed Natasha
  1413 | D:2      | Slain by an iron imp

Illustrated notes

Levels and vault maps discovered:
D:1:      dpeg_arrival_short_road, layout_basic, serial_shops,
          nicolae_shop_competitors_out_of_business,
          nicolae_shop_advertising_works [nicolae_subvault_shop_adworks],
          nicolae_shop_waterfront, nicolae_shop_stone,
          chequers_decorated_corner, minmay_pentomino_o4
D:2:      layout_basic, uniq_natasha

Skill      XL: |  1  2 |
---------------+-------+-----
Stealth        | 3 |  3.6
Dodging        | |  2.7
Spellcasting   | |  2.3
Summonings     | |  4.5

Action                   || total
-------------------------++-------
Melee: Dagger            ||    86
 Cast: Summon Small Mamm ||     2
       Call Imp          ||     1
       Call Canine Famil ||     1
  Use: Scroll            ||     3
       Potion            ||     1
 Stab: Sleeping          ||    15
Armor: Robe              ||    14
Dodge: Dodged            ||    56

Table legend: (Time is in decaauts)
 A = Elapsed time spent in this place.
 B = Non-inter-level travel time spent in this place.
 C = Inter-level travel time spent in this place.
 D = Time resting spent in this place.
 E = Time spent auto-exploring this place.
 F = Levels seen in this place.
 G = Mean time per level.
                   A        B        C        D        E       F      G
               +--------+--------+--------+--------+--------+-----+--------+
         Total |   1387 |   1355 |     32 |     17 |   1116 |   2 |  693.5 |
       Dungeon |   1387 |   1355 |     32 |     17 |   1116 |   2 |  693.5 |
               +--------+--------+--------+--------+--------+-----+--------+

Top non-repeatable levels by time:
     D:1: 1245 daAuts
     D:2: 142 daAuts
